Dallas Stars vs Quebec Nordiques
Created - Tuesday, February 3, 2026 at 07:43
Goals
|
| Dallas Stars |
1 |
2 |
0 |
3 |
| Quebec Nordiques |
1 |
0 |
3 |
4 |
|
Shots
|
| Dallas Stars |
7 |
21 |
11 |
39 |
| Quebec Nordiques |
10 |
5 |
22 |
37 |
|
1st period
1. Quebec Nordiques , Matthew Boldy 3 (Nico Hischier 3) at 0:28
2. Dallas Stars , Alex Iafallo 1 (Dougie Hamilton 8) at 12:52
Penalties :
Connor McDavid (QUE) for Interference (Minor) at 9:08, Luke Kunin (DAL) for Slashing (Minor) at 13:18, Arber Xhekaj (DAL) for Tripping (Minor) at 15:47, Matthew Boldy (QUE) for Tripping (Minor) at 17:21
2nd period
3. Dallas Stars , Josh Anderson 7 (Elias Lindholm 10) at 2:28
4. Dallas Stars , Luke Kunin 4 (Alex Iafallo 2, Jordan Martinook 6) at 4:13 (PP)
Penalties :
Steven Stamkos (QUE) for Hooking (Minor) at 4:06
3rd period
5. Quebec Nordiques , Matthew Knies 10 (Connor McDavid 11, Alex DeBrincat 10) at 3:30 (PP)
6. Quebec Nordiques , Connor McDavid 10 (Thomas Harley 3) at 4:20 (PP)
7. Quebec Nordiques , Rickard Rakell 2 (Steven Stamkos 2) at 7:18 (PP)
Penalties :
Dougie Hamilton (DAL) for Goalie Interference (Minor) at 2:45, Jordan Greenway (DAL) for Tripping (Minor) at 3:57, Jordan Martinook (DAL) for Holding (Minor) at 6:58, Connor McDavid (QUE) for Hooking (Minor) at 7:42
Goalie Stats
Ukko-Pekka Luukkonen (DAL), 33 saves from 37 shots - (0.892), L, 3-5-1, 59:59 minutes
Andrei Vasilevskiy (QUE), 36 saves from 39 shots - (0.923), W, 8-1-1, 60:00 minutes
Players Stats for Dallas Stars
Player Name G A P +/- PIM S H SB GA TA FO MP PP MP PK MP
------------------------------------------------------------------------------------
Alex Iafallo 1 1 2 1 0 2 0 0 0 0 2/7 15:16 2:34 0:00
Arber Xhekaj 0 0 0 1 2 1 1 0 0 1 0/0 13:40 0:28 0:28
Brendan Gallagher 0 0 0 1 0 7 1 1 1 0 3/8 20:31 2:51 2:40
Cam York 0 0 0 1 0 1 0 0 0 0 0/0 12:45 0:00 0:00
Dougie Hamilton 0 1 1 0 2 2 3 4 0 1 0/0 26:56 3:04 1:51
Elias Lindholm 0 1 1 1 0 5 1 2 1 1 14/23 20:32 2:40 2:38
Filip Chytil 0 0 0 1 0 3 1 1 1 0 5/13 12:12 0:00 0:00
Jack Drury 0 0 0 0 0 1 0 0 0 0 1/4 8:02 0:00 0:00
Jakob Chychrun 0 0 0 0 0 3 2 1 1 1 0/0 19:50 2:35 2:42
Joel Kiviranta 0 0 0 0 0 0 0 0 0 0 0/1 8:37 0:25 0:00
Jonas Siegenthaler 0 0 0 0 0 2 0 3 1 0 0/0 19:50 2:35 2:42
Jonatan Berggren 0 0 0 -1 0 1 1 0 2 0 7/17 13:14 0:00 0:00
Jordan Greenway 0 0 0 1 2 0 0 0 0 0 1/2 12:21 0:00 0:00
Jordan Martinook 0 1 1 -1 2 3 1 0 2 0 0/3 18:52 2:48 2:23
Josh Anderson 1 0 1 1 0 2 1 0 1 1 0/0 20:15 2:40 2:21
Luke Kunin 1 0 1 -1 2 5 2 1 1 0 0/0 16:09 2:31 0:00
Philip Tomasino 0 0 0 0 0 1 0 0 0 0 0/0 8:02 0:00 0:00
Trevor van Riemsdyk 0 0 0 0 0 0 0 2 0 2 0/0 27:25 3:04 2:19
Players Stats for Quebec Nordiques
Player Name G A P +/- PIM S H SB GA TA FO MP PP MP PK MP
------------------------------------------------------------------------------------
Alex DeBrincat 0 1 1 -1 0 3 0 1 0 0 1/1 20:12 3:42 0:00
Alex Vlasic 0 0 0 0 0 0 0 2 0 0 0/0 20:56 0:00 3:17
Alexandre Carrier 0 0 0 -2 0 2 1 1 0 0 0/0 16:31 0:00 2:16
Brock Faber 0 0 0 0 0 2 1 2 0 1 0/0 18:56 3:59 0:00
Connor McDavid 1 1 2 -1 4 5 0 0 3 3 21/37 21:01 3:48 0:00
Dylan Larkin 0 0 0 0 0 2 1 0 1 0 5/6 12:12 1:13 1:21
Jake Evans 0 0 0 0 0 2 0 0 0 0 0/2 12:48 0:00 3:28
Jake McCabe 0 0 0 1 0 1 1 2 0 1 0/0 23:31 0:00 3:23
Matthew Boldy 1 0 1 0 2 3 0 2 0 1 1/1 14:31 1:07 0:31
Matthew Knies 1 0 1 -1 0 2 5 0 1 0 1/3 21:33 3:42 0:59
Michael Anderson 0 0 0 -2 0 0 1 2 0 0 0/0 16:31 0:00 2:16
Nico Hischier 0 1 1 0 0 0 0 1 1 2 11/16 16:31 0:00 3:32
Nikolaj Ehlers 0 0 0 0 0 3 2 2 1 1 2/3 13:07 0:06 0:06
Noah Cates 0 0 0 0 0 5 0 0 0 0 0/0 10:57 0:00 1:21
Patrick Kane 0 0 0 0 0 0 1 0 0 0 0/1 10:53 1:02 0:00
Rickard Rakell 1 0 1 0 0 1 0 1 0 1 0/1 11:06 1:13 0:00
Steven Stamkos 0 1 1 0 2 3 1 0 0 0 3/7 11:05 1:13 0:00
Thomas Harley 0 1 1 1 0 3 1 1 0 1 0/0 21:31 3:59 0:06
3 Stars
1 - Alex Iafallo (DAL)
2 - Matthew Knies (QUE)
3 - Josh Anderson (DAL)
Power Play
Dallas Stars - 1 on 4 Attempt(s) - 25.00%
Quebec Nordiques - 3 on 5 Attempt(s) - 60.00%
Penalty Kill
Dallas Stars - 2 on 5 Attempt(s) - 40.00%
- Score 0 goal in Penalty Kill
Quebec Nordiques - 3 on 4 Attempt(s) - 75.00%
- Score 0 goal in Penalty Kill
Team Stat
Dallas Stars - Hits : 14 - Faceoff Wins : 33 - Blocked Shots : 15 - Penalty Minutes : 10
Quebec Nordiques - Hits : 15 - Faceoff Wins : 45 - Blocked Shots : 17 - Penalty Minutes : 8
Official
Referees : Jordan Samuels and Frederick L'Ecuyer
Linesman : Kilian McNamara and Ryan Gibbons
Game Notes
No Game Note
Finance
Level 1 -- Attendance: 5468 (91.13%) -- Ticket Income $519,460
Level 2 -- Attendance: 3108 (62.16%) -- Ticket Income $233,100
Level 3 -- Attendance: 1620 (54.00%) -- Ticket Income $89,100
Level 4 -- Attendance: 2709 (54.18%) -- Ticket Income $94,815
Luxury Box -- Attendance: 1000 (100.00%) -- Ticket Income $180,000
Game was played at the Centre Videotron.
Total Attendance: 13905 (69.53%)
Total Ticket Income: $1,116,475
Other Income: $390,766
Total Income: $1,507,241
Dallas Stars
5 vs 5 Forward
Center Left Wing Right Wing Time % Phy DF OF
1 Elias Lindholm Josh Anderson Brendan Gallagher 30 1 2 2
2 Jonatan Berggren Jordan Martinook Luke Kunin 30 1 2 2
3 Filip Chytil Alex Iafallo Jordan Greenway 25 1 2 2
4 Jack Drury Joel Kiviranta Philip Tomasino 15 1 2 2
5 vs 5 Defense
Defense Defense Time % Phy DF OF
1 Dougie Hamilton Trevor van Riemsdyk 30 1 2 2
2 Jakob Chychrun Jonas Siegenthaler 30 1 2 2
3 Cam York Arber Xhekaj 25 1 2 2
4 Dougie Hamilton Trevor van Riemsdyk 15 1 2 2
PowerPlay Forward
Center Left Wing Right Wing Time % Phy DF OF
1 Elias Lindholm Josh Anderson Brendan Gallagher 50 1 2 2
2 Alex Iafallo Jordan Martinook Luke Kunin 50 1 2 2
PowerPlay Defense
Defense Defense Time % Phy DF OF
1 Dougie Hamilton Trevor van Riemsdyk 50 1 2 2
2 Jakob Chychrun Jonas Siegenthaler 50 1 2 2
Penalty Kill 4 Players Forward
Center Wing Time % Phy DF OF
1 Elias Lindholm Josh Anderson 50 1 2 2
2 Brendan Gallagher Jordan Martinook 50 1 2 2
Penalty Kill 4 Players Defense
Defense Defense Time % Phy DF OF
1 Dougie Hamilton Trevor van Riemsdyk 50 1 2 2
2 Jakob Chychrun Jonas Siegenthaler 50 1 2 2
Penalty Kill - 3 Players Forward
Forward Time % Phy DF OF
1 Elias Lindholm 50 1 2 2
2 Josh Anderson 50 1 2 2
Penalty Kill - 3 Players Defense
Defense Defense Time % Phy DF OF
1 Dougie Hamilton Trevor van Riemsdyk 50 1 2 2
2 Jakob Chychrun Jonas Siegenthaler 50 1 2 2
4 vs 4 Forward
Center Wing Time % Phy DF OF
1 Elias Lindholm Josh Anderson 50 1 2 2
2 Brendan Gallagher Jordan Martinook 50 1 2 2
4 vs 4 Defense
Defense Defense Time % Phy DF OF
1 Dougie Hamilton Trevor van Riemsdyk 50 1 2 2
2 Jakob Chychrun Jonas Siegenthaler 50 1 2 2
Last Minutes Offensive
Center Left Wing Right Wing Defense Defense
Elias Lindholm Josh Anderson Brendan Gallagher Dougie Hamilton Trevor van Riemsdyk
Last Minutes Defensive
Center Left Wing Right Wing Defense Defense
Elias Lindholm Josh Anderson Brendan Gallagher Dougie Hamilton Trevor van Riemsdyk
Goaltenders
Starting : Ukko-Pekka Luukkonen
Backup : Alex Lyon
Extra Forwards
Normal : Alex Iafallo, Joel Kiviranta, Josh Anderson - PP : Alex Iafallo, Joel Kiviranta - PK : Elias Lindholm
Extra Defensemen
Normal : Cam York, Arber Xhekaj, Jakob Chychrun - PP : Cam York - PK : Arber Xhekaj, Jakob Chychrun
Penalty Shots
Elias Lindholm, Josh Anderson, Brendan Gallagher, Jordan Martinook, Alex Iafallo
Scratches
Ty Smith (Healthy), Nils Lundkvist (Healthy), Trent Frederic (Healthy), Marc-Andre Fleury (Healthy), Semyon Varlamov (Healthy)
Quebec Nordiques
5 vs 5 Forward
Center Left Wing Right Wing Time % Phy DF OF
1 Connor McDavid Matthew Knies Alex DeBrincat 35 1 1 3
2 Nico Hischier Nikolaj Ehlers Matthew Boldy 30 1 1 3
3 Steven Stamkos Rickard Rakell Patrick Kane 20 1 1 3
4 Dylan Larkin Noah Cates Jake Evans 15 1 3 1
5 vs 5 Defense
Defense Defense Time % Phy DF OF
1 Jake McCabe Thomas Harley 35 1 3 1
2 Alex Vlasic Brock Faber 30 1 3 1
3 Michael Anderson Alexandre Carrier 25 1 3 1
4 Jake McCabe Alex Vlasic 10 1 3 1
PowerPlay Forward
Center Left Wing Right Wing Time % Phy DF OF
1 Connor McDavid Matthew Knies Alex DeBrincat 60 0 1 4
2 Steven Stamkos Dylan Larkin Rickard Rakell 40 0 1 4
PowerPlay Defense
Defense Defense Time % Phy DF OF
1 Thomas Harley Brock Faber 70 0 2 3
2 Patrick Kane Matthew Boldy 30 0 1 4
Penalty Kill 4 Players Forward
Center Wing Time % Phy DF OF
1 Nico Hischier Jake Evans 60 2 3 0
2 Dylan Larkin Noah Cates 40 2 3 0
Penalty Kill 4 Players Defense
Defense Defense Time % Phy DF OF
1 Alex Vlasic Jake McCabe 60 2 3 0
2 Michael Anderson Alexandre Carrier 40 2 3 0
Penalty Kill - 3 Players Forward
Forward Time % Phy DF OF
1 Nico Hischier 60 2 3 0
2 Jake Evans 40 2 3 0
Penalty Kill - 3 Players Defense
Defense Defense Time % Phy DF OF
1 Alex Vlasic Jake McCabe 60 2 3 0
2 Michael Anderson Alexandre Carrier 40 2 3 0
4 vs 4 Forward
Center Wing Time % Phy DF OF
1 Connor McDavid Matthew Knies 60 1 1 3
2 Nico Hischier Matthew Boldy 40 1 1 3
4 vs 4 Defense
Defense Defense Time % Phy DF OF
1 Jake McCabe Thomas Harley 60 1 2 2
2 Alex Vlasic Brock Faber 40 1 2 2
Last Minutes Offensive
Center Left Wing Right Wing Defense Defense
Connor McDavid Alex DeBrincat Matthew Knies Brock Faber Thomas Harley
Last Minutes Defensive
Center Left Wing Right Wing Defense Defense
Nico Hischier Dylan Larkin Jake Evans Alex Vlasic Michael Anderson
Goaltenders
Starting : Andrei Vasilevskiy
Backup : Devon Levi
Extra Forwards
Normal : Nikolaj Ehlers, Matthew Boldy, Matthew Knies - PP : Nikolaj Ehlers, Matthew Boldy - PK : Matthew Knies
Extra Defensemen
Normal : Michael Anderson, Alexandre Carrier, Alex Vlasic - PP : Jake McCabe - PK : Thomas Harley, Brock Faber
Penalty Shots
Matthew Boldy, Alex DeBrincat, Connor McDavid, Patrick Kane, Rickard Rakell
Scratches
Michael McCarron (Healthy)
% Time on Ice - Dallas Stars
Lines # - Real PCT - Wanted PCT - Time Play
Normal Forward
1 - 31% - 30% - 14:57
2 - 28% - 30% - 13:34
3 - 25% - 25% - 12:12
4 - 16% - 15% - 8:02
Normal Defense
1 - 33% - 30% - 16:14
2 - 30% - 30% - 14:33
3 - 26% - 25% - 12:35
4 - 11% - 15% - 5:23
PP Forward
1 - 47% - 50% - 2:40
2 - 53% - 50% - 2:59
PP Defense
1 - 54% - 50% - 3:04
2 - 46% - 50% - 2:35
PK Forward
1 - 47% - 50% - 2:21
2 - 53% - 50% - 2:40
PK Defense
1 - 46% - 50% - 2:19
2 - 54% - 50% - 2:42
PK3 Forward
1 - 0% - 50%
2 - 0% - 50%
PK3 Defense
1 - 0% - 50%
2 - 0% - 50%
44 Forward
1 - 68% - 50% - 0:17
2 - 32% - 50% - 0:08
44 Defense
1 - 100% - 50% - 0:25
2 - 0% - 50% - 0:00
Last Minute Offensive - 0:10
Last Minute Defensive - 0:00
Total
Forward - 60:00
Defense - 60:00
|
% Time on Ice - Quebec Nordiques
Lines # - Real PCT - Wanted PCT - Time Play
Normal Forward
1 - 34% - 35% - 16:34
2 - 27% - 30% - 13:04
3 - 20% - 20% - 9:51
4 - 19% - 15% - 9:16
Normal Defense
1 - 35% - 35% - 17:05
2 - 30% - 30% - 14:42
3 - 29% - 25% - 13:55
4 - 6% - 10% - 3:03
PP Forward
1 - 76% - 60% - 3:48
2 - 24% - 40% - 1:13
PP Defense
1 - 79% - 70% - 3:59
2 - 21% - 30% - 1:02
PK Forward
1 - 74% - 60% - 4:12
2 - 26% - 40% - 1:27
PK Defense
1 - 60% - 60% - 3:23
2 - 40% - 40% - 2:16
PK3 Forward
1 - 0% - 60%
2 - 0% - 40%
PK3 Defense
1 - 0% - 60%
2 - 0% - 40%
44 Forward
1 - 88% - 60% - 0:22
2 - 12% - 40% - 0:03
44 Defense
1 - 100% - 60% - 0:25
2 - 0% - 40% - 0:00
Last Minute Offensive - 0:00
Last Minute Defensive - 0:10
Total
Forward - 60:00
Defense - 60:00
|
Play-by-Play
1st period
0:01 of 1st period - Connor McDavid wins face-off versus Elias Lindholm in neutral zone.
0:06 of 1st period - Snap shot by Alex DeBrincat.
0:06 of 1st period - Shot Misses the Net.
0:08 of 1st period - Slapshot by Jake McCabe.
0:08 of 1st period - Deflect By Connor McDavid.
0:08 of 1st period - Stopped by Ukko-Pekka Luukkonen with a rebound.
0:28 of 1st period - Wrist shot by Matthew Boldy.
0:28 of 1st period - Goal by Matthew Boldy - Dallas Stars : 0 - Quebec Nordiques : 1.
0:29 of 1st period - Jordan Greenway wins face-off versus Patrick Kane in neutral zone.
0:56 of 1st period - Alex Vlasic is hit by Luke Kunin and loses puck.
1:43 of 1st period - Arber Xhekaj is hit by Matthew Knies and loses puck.
2:17 of 1st period - Snap shot by Brendan Gallagher.
2:17 of 1st period - Shot Misses the Net.
3:03 of 1st period - Slapshot by Elias Lindholm.
3:03 of 1st period - Shot Blocked by Michael Anderson.
3:05 of 1st period - Slapshot by Dougie Hamilton.
3:05 of 1st period - Stopped by Andrei Vasilevskiy without a rebound.
3:06 of 1st period - Connor McDavid wins face-off versus Jonatan Berggren in Quebec Nordiques zone.
4:34 of 1st period - Wrist shot by Luke Kunin.
4:34 of 1st period - Shot Misses the Net.
4:36 of 1st period - Wrist shot by Alex Iafallo.
4:36 of 1st period - Shot Misses the Net.
5:24 of 1st period - Jordan Greenway is hit by Matthew Knies and loses puck.
5:29 of 1st period - Slapshot by Connor McDavid.
5:29 of 1st period - Shot Misses the Net.
6:26 of 1st period - Slapshot by Steven Stamkos.
6:26 of 1st period - Shot Misses the Net.
6:28 of 1st period - Slapshot by Brock Faber.
6:28 of 1st period - Stopped by Ukko-Pekka Luukkonen with a rebound.
6:30 of 1st period - Snap shot by Michael Anderson.
6:30 of 1st period - Shot Misses the Net.
6:32 of 1st period - Slapshot by Alexandre Carrier.
6:32 of 1st period - Stopped by Ukko-Pekka Luukkonen with a rebound.
6:47 of 1st period - Slapshot by Elias Lindholm.
6:47 of 1st period - Stopped by Andrei Vasilevskiy without a rebound.
6:48 of 1st period - Connor McDavid wins face-off versus Filip Chytil in Quebec Nordiques zone.
7:03 of 1st period - Wrist shot by Filip Chytil.
7:03 of 1st period - Shot Misses the Net.
7:13 of 1st period - Jonas Siegenthaler is hit by Nikolaj Ehlers and loses puck.
7:20 of 1st period - Wrist shot by Elias Lindholm.
7:20 of 1st period - Stopped by Andrei Vasilevskiy without a rebound.
7:21 of 1st period - Jonatan Berggren wins face-off versus Nico Hischier in Quebec Nordiques zone.
7:51 of 1st period - Snap shot by Alex DeBrincat.
7:51 of 1st period - Stopped by Ukko-Pekka Luukkonen without a rebound.
7:52 of 1st period - Connor McDavid wins face-off versus Filip Chytil in Dallas Stars zone.
8:05 of 1st period - Wrist shot by Alex Iafallo.
8:05 of 1st period - Shot Misses the Net.
8:27 of 1st period - Wrist shot by Brendan Gallagher.
8:27 of 1st period - Deflect By Elias Lindholm.
8:27 of 1st period - Stopped by Andrei Vasilevskiy without a rebound.
8:28 of 1st period - Jonatan Berggren wins face-off versus Dylan Larkin in Quebec Nordiques zone.
9:08 of 1st period - Minor Penalty to Connor McDavid for Interference.
9:09 of 1st period - Elias Lindholm wins face-off versus Nico Hischier in Quebec Nordiques zone.
9:14 of 1st period - Wrist shot by Brendan Gallagher.
9:14 of 1st period - Stopped by Andrei Vasilevskiy with a rebound.
9:16 of 1st period - Snap shot by Josh Anderson.
9:16 of 1st period - Stopped by Andrei Vasilevskiy with a rebound.
9:18 of 1st period - Slapshot by Trevor van Riemsdyk.
9:18 of 1st period - Shot Misses the Net.
9:20 of 1st period - Snap shot by Dougie Hamilton.
9:20 of 1st period - Shot Blocked by Alex Vlasic.
9:24 of 1st period - Snap shot by Elias Lindholm.
9:24 of 1st period - Deflect By Brendan Gallagher.
9:24 of 1st period - Shot Blocked by Jake McCabe.
9:24 of 1st period - Puck is out of play.
9:25 of 1st period - Nico Hischier wins face-off versus Alex Iafallo in Quebec Nordiques zone.
9:58 of 1st period - Alex Vlasic is hit by Elias Lindholm and loses puck.
11:03 of 1st period - Wrist shot by Dylan Larkin.
11:03 of 1st period - Stopped by Ukko-Pekka Luukkonen without a rebound.
11:04 of 1st period - Dylan Larkin wins face-off versus Alex Iafallo in Dallas Stars zone.
11:07 of 1st period - Slapshot by Dylan Larkin.
11:07 of 1st period - Shot Misses the Net.
11:08 of 1st period - Penalty to Connor McDavid is over, Connor McDavid is back on ice.
11:25 of 1st period - Snap shot by Connor McDavid.
11:25 of 1st period - Shot Blocked by Dougie Hamilton.
11:27 of 1st period - Snap shot by Noah Cates.
11:27 of 1st period - Stopped by Ukko-Pekka Luukkonen without a rebound.
11:28 of 1st period - Nico Hischier wins face-off versus Jack Drury in Dallas Stars zone.
11:58 of 1st period - Snap shot by Brendan Gallagher.
11:58 of 1st period - Shot Misses the Net.
12:52 of 1st period - Snap shot by Alex Iafallo.
12:52 of 1st period - Goal by Alex Iafallo - Dallas Stars : 1 - Quebec Nordiques : 1.
12:53 of 1st period - Connor McDavid wins face-off versus Jordan Martinook in neutral zone.
12:55 of 1st period - Off-side.
12:56 of 1st period - Connor McDavid wins face-off versus Jonatan Berggren in neutral zone.
13:05 of 1st period - Jordan Martinook is hit by Matthew Knies and loses puck.
13:18 of 1st period - Minor Penalty to Luke Kunin for Slashing.
13:19 of 1st period - Connor McDavid wins face-off versus Elias Lindholm in Dallas Stars zone.
15:06 of 1st period - Jakob Chychrun is hit by Matthew Knies and loses puck.
15:18 of 1st period - Penalty to Luke Kunin is over, Luke Kunin is back on ice.
15:22 of 1st period - Off-side.
15:23 of 1st period - Filip Chytil wins face-off versus Nikolaj Ehlers in neutral zone.
15:28 of 1st period - Michael Anderson is hit by Filip Chytil and loses puck.
15:47 of 1st period - Minor Penalty to Arber Xhekaj for Tripping.
15:48 of 1st period - Connor McDavid wins face-off versus Brendan Gallagher in Dallas Stars zone.
16:50 of 1st period - Jakob Chychrun is hit by Matthew Knies and loses puck.
17:01 of 1st period - Snap shot by Matthew Knies.
17:01 of 1st period - Stopped by Ukko-Pekka Luukkonen with a rebound.
17:03 of 1st period - Slapshot by Thomas Harley.
17:03 of 1st period - Stopped by Ukko-Pekka Luukkonen without a rebound.
17:04 of 1st period - Elias Lindholm wins face-off versus Steven Stamkos in Dallas Stars zone.
17:15 of 1st period - Snap shot by Steven Stamkos.
17:15 of 1st period - Stopped by Ukko-Pekka Luukkonen without a rebound.
17:16 of 1st period - Elias Lindholm wins face-off versus Steven Stamkos in Dallas Stars zone.
17:16 of 1st period - Elias Lindholm is hit by Patrick Kane.
17:21 of 1st period - Minor Penalty to Matthew Boldy for Tripping.
17:22 of 1st period - Elias Lindholm wins face-off versus Connor McDavid in Quebec Nordiques zone.
17:22 of 1st period - Slapshot by Josh Anderson.
17:22 of 1st period - Shot Misses the Net.
17:47 of 1st period - Penalty to Arber Xhekaj is over, Arber Xhekaj is back on ice.
18:01 of 1st period - Nico Hischier is hit by Arber Xhekaj and loses puck.
18:18 of 1st period - Nico Hischier is hit by Dougie Hamilton.
19:01 of 1st period - Icing by Jonas Siegenthaler.
19:02 of 1st period - Nico Hischier wins face-off versus Elias Lindholm in Dallas Stars zone.
19:11 of 1st period - Alex Vlasic is hit by Luke Kunin and loses puck.
19:21 of 1st period - Penalty to Matthew Boldy is over, Matthew Boldy is back on ice.
Goals for this period are 1 for Dallas Stars vs 1 for Quebec Nordiques.
Shots for this period are 7 for Dallas Stars vs 10 for Quebec Nordiques.
2nd period
0:01 of 2nd period - Elias Lindholm wins face-off versus Connor McDavid in neutral zone.
0:08 of 2nd period - Slapshot by Brendan Gallagher.
0:08 of 2nd period - Deflect By Connor McDavid.
0:08 of 2nd period - Stopped by Andrei Vasilevskiy with a rebound.
2:03 of 2nd period - Joel Kiviranta is hit by Thomas Harley and loses puck.
2:20 of 2nd period - Wrist shot by Jordan Martinook.
2:20 of 2nd period - Stopped by Andrei Vasilevskiy with a rebound.
2:22 of 2nd period - Slapshot by Jordan Martinook.
2:22 of 2nd period - Shot Misses the Net.
2:24 of 2nd period - Snap shot by Luke Kunin.
2:24 of 2nd period - Stopped by Andrei Vasilevskiy with a rebound.
2:26 of 2nd period - Wrist shot by Jonatan Berggren.
2:26 of 2nd period - Stopped by Andrei Vasilevskiy without a rebound.
2:27 of 2nd period - Elias Lindholm wins face-off versus Connor McDavid in Quebec Nordiques zone.
2:28 of 2nd period - Snap shot by Josh Anderson.
2:28 of 2nd period - Goal by Josh Anderson - Dallas Stars : 2 - Quebec Nordiques : 1.
2:29 of 2nd period - Connor McDavid wins face-off versus Elias Lindholm in neutral zone.
2:36 of 2nd period - Snap shot by Connor McDavid.
2:36 of 2nd period - Stopped by Ukko-Pekka Luukkonen with a rebound.
2:58 of 2nd period - Icing by Trevor van Riemsdyk.
2:59 of 2nd period - Dylan Larkin wins face-off versus Elias Lindholm in Dallas Stars zone.
3:30 of 2nd period - Alex DeBrincat is hit by Brendan Gallagher and loses puck.
3:59 of 2nd period - Slapshot by Matthew Boldy.
3:59 of 2nd period - Stopped by Ukko-Pekka Luukkonen without a rebound.
4:00 of 2nd period - Filip Chytil wins face-off versus Steven Stamkos in Dallas Stars zone.
4:06 of 2nd period - Minor Penalty to Steven Stamkos for Hooking.
4:07 of 2nd period - Alex Iafallo wins face-off versus Jake Evans in Quebec Nordiques zone.
4:09 of 2nd period - Slapshot by Alex Iafallo.
4:09 of 2nd period - Shot Misses the Net.
4:11 of 2nd period - Slapshot by Luke Kunin.
4:11 of 2nd period - Shot Blocked by Nico Hischier.
4:13 of 2nd period - Wrist shot by Luke Kunin.
4:13 of 2nd period - Goal by Luke Kunin - Dallas Stars : 3 - Quebec Nordiques : 1.
4:14 of 2nd period - Connor McDavid wins face-off versus Jonatan Berggren in neutral zone.
4:54 of 2nd period - Wrist shot by Steven Stamkos.
4:54 of 2nd period - Stopped by Ukko-Pekka Luukkonen without a rebound.
4:55 of 2nd period - Connor McDavid wins face-off versus Brendan Gallagher in Dallas Stars zone.
5:19 of 2nd period - Brock Faber is hit by Josh Anderson and loses puck.
5:30 of 2nd period - Slapshot by Brendan Gallagher.
5:30 of 2nd period - Shot Blocked by Brock Faber.
5:32 of 2nd period - Slapshot by Jakob Chychrun.
5:32 of 2nd period - Shot Misses the Net.
5:34 of 2nd period - Slapshot by Jakob Chychrun.
5:34 of 2nd period - Deflect By Brendan Gallagher.
5:34 of 2nd period - Stopped by Andrei Vasilevskiy without a rebound.
5:35 of 2nd period - Nico Hischier wins face-off versus Jonatan Berggren in Quebec Nordiques zone.
5:35 of 2nd period - Nico Hischier is hit by Jordan Martinook.
6:01 of 2nd period - Filip Chytil is hit by Steven Stamkos and loses puck.
6:21 of 2nd period - Icing by Jack Drury.
6:22 of 2nd period - Dylan Larkin wins face-off versus Jack Drury in Dallas Stars zone.
6:36 of 2nd period - Off-side.
6:37 of 2nd period - Alex DeBrincat wins face-off versus Jonatan Berggren in neutral zone.
7:07 of 2nd period - Snap shot by Alex Iafallo.
7:07 of 2nd period - Stopped by Andrei Vasilevskiy without a rebound.
7:08 of 2nd period - Nikolaj Ehlers wins face-off versus Elias Lindholm in Quebec Nordiques zone.
7:17 of 2nd period - Wrist shot by Nikolaj Ehlers.
7:17 of 2nd period - Shot Misses the Net.
7:19 of 2nd period - Snap shot by Matthew Boldy.
7:19 of 2nd period - Shot Misses the Net.
7:21 of 2nd period - Snap shot by Matthew Boldy.
7:21 of 2nd period - Shot Blocked by Jonas Siegenthaler.
7:23 of 2nd period - Snap shot by Nico Hischier.
7:23 of 2nd period - Shot Misses the Net.
7:25 of 2nd period - Slapshot by Thomas Harley.
7:25 of 2nd period - Shot Blocked by Jakob Chychrun.
8:09 of 2nd period - Slapshot by Jakob Chychrun.
8:09 of 2nd period - Shot Blocked by Matthew Boldy.
8:11 of 2nd period - Slapshot by Jonas Siegenthaler.
8:11 of 2nd period - Stopped by Andrei Vasilevskiy with a rebound.
8:13 of 2nd period - Slapshot by Jonas Siegenthaler.
8:13 of 2nd period - Shot Blocked by Brock Faber.
8:15 of 2nd period - Slapshot by Jonas Siegenthaler.
8:15 of 2nd period - Shot Blocked by Nikolaj Ehlers.
8:17 of 2nd period - Snap shot by Josh Anderson.
8:17 of 2nd period - Shot Misses the Net.
8:21 of 2nd period - Snap shot by Elias Lindholm.
8:21 of 2nd period - Stopped by Andrei Vasilevskiy without a rebound.
8:22 of 2nd period - Jonatan Berggren wins face-off versus Connor McDavid in Quebec Nordiques zone.
8:35 of 2nd period - Snap shot by Jordan Martinook.
8:35 of 2nd period - Shot Misses the Net.
9:19 of 2nd period - Joel Kiviranta is hit by Michael Anderson and loses puck.
9:43 of 2nd period - Icing by Michael Anderson.
9:44 of 2nd period - Steven Stamkos wins face-off versus Filip Chytil in Quebec Nordiques zone.
9:49 of 2nd period - Slapshot by Filip Chytil.
9:49 of 2nd period - Deflect By Alex Iafallo.
9:49 of 2nd period - Shot Misses the Net.
9:49 of 2nd period - Puck is out of play.
9:50 of 2nd period - Steven Stamkos wins face-off versus Filip Chytil in Quebec Nordiques zone.
10:12 of 2nd period - Snap shot by Steven Stamkos.
10:12 of 2nd period - Shot Blocked by Trevor van Riemsdyk.
10:18 of 2nd period - Wrist shot by Steven Stamkos.
10:18 of 2nd period - Shot Misses the Net.
10:30 of 2nd period - Backhand shot by Alex Iafallo.
10:30 of 2nd period - Deflect By Filip Chytil.
10:30 of 2nd period - Stopped by Andrei Vasilevskiy with a rebound.
10:32 of 2nd period - Wrist shot by Filip Chytil.
10:32 of 2nd period - Stopped by Andrei Vasilevskiy without a rebound.
10:33 of 2nd period - Jonatan Berggren wins face-off versus Connor McDavid in Quebec Nordiques zone.
10:34 of 2nd period - Snap shot by Jordan Martinook.
10:34 of 2nd period - Shot Misses the Net.
10:36 of 2nd period - Slapshot by Jonas Siegenthaler.
10:36 of 2nd period - Stopped by Andrei Vasilevskiy without a rebound.
10:37 of 2nd period - Jonatan Berggren wins face-off versus Connor McDavid in Quebec Nordiques zone.
10:40 of 2nd period - Wrist shot by Jordan Martinook.
10:40 of 2nd period - Stopped by Andrei Vasilevskiy without a rebound.
10:41 of 2nd period - Connor McDavid wins face-off versus Jonatan Berggren in Quebec Nordiques zone.
11:01 of 2nd period - Slapshot by Jakob Chychrun.
11:01 of 2nd period - Stopped by Andrei Vasilevskiy with a rebound.
11:03 of 2nd period - Snap shot by Luke Kunin.
11:03 of 2nd period - Shot Blocked by Alex DeBrincat.
11:05 of 2nd period - Snap shot by Jordan Martinook.
11:05 of 2nd period - Stopped by Andrei Vasilevskiy with a rebound.
11:11 of 2nd period - Slapshot by Luke Kunin.
11:11 of 2nd period - Stopped by Andrei Vasilevskiy without a rebound.
11:12 of 2nd period - Elias Lindholm wins face-off versus Nico Hischier in Quebec Nordiques zone.
11:13 of 2nd period - Slapshot by Brendan Gallagher.
11:13 of 2nd period - Stopped by Andrei Vasilevskiy without a rebound.
11:14 of 2nd period - Nico Hischier wins face-off versus Elias Lindholm in Quebec Nordiques zone.
12:13 of 2nd period - Snap shot by Filip Chytil.
12:13 of 2nd period - Shot Blocked by Michael Anderson.
12:23 of 2nd period - Philip Tomasino is hit by Alexandre Carrier and loses puck.
12:49 of 2nd period - Snap shot by Philip Tomasino.
12:49 of 2nd period - Shot Misses the Net.
13:11 of 2nd period - Matthew Knies is hit by Jonatan Berggren and loses puck.
13:43 of 2nd period - Slapshot by Noah Cates.
13:43 of 2nd period - Stopped by Ukko-Pekka Luukkonen without a rebound.
13:44 of 2nd period - Nico Hischier wins face-off versus Filip Chytil in Dallas Stars zone.
15:27 of 2nd period - Off-side.
15:28 of 2nd period - Connor McDavid wins face-off versus Jack Drury in neutral zone.
15:45 of 2nd period - Snap shot by Matthew Knies.
15:45 of 2nd period - Shot Misses the Net.
17:26 of 2nd period - Wrist shot by Philip Tomasino.
17:26 of 2nd period - Stopped by Andrei Vasilevskiy with a rebound.
17:28 of 2nd period - Slapshot by Jakob Chychrun.
17:28 of 2nd period - Shot Blocked by Thomas Harley.
17:35 of 2nd period - Icing by Thomas Harley.
17:36 of 2nd period - Elias Lindholm wins face-off versus Rickard Rakell in Quebec Nordiques zone.
17:53 of 2nd period - Snap shot by Connor McDavid.
17:53 of 2nd period - Shot Misses the Net.
18:51 of 2nd period - Snap shot by Matthew Knies.
18:51 of 2nd period - Shot Misses the Net.
18:53 of 2nd period - Slapshot by Alex DeBrincat.
18:53 of 2nd period - Stopped by Ukko-Pekka Luukkonen without a rebound.
18:54 of 2nd period - Nico Hischier wins face-off versus Jonatan Berggren in Dallas Stars zone.
19:01 of 2nd period - Slapshot by Jakob Chychrun.
19:01 of 2nd period - Shot Blocked by Alex Vlasic.
19:03 of 2nd period - Slapshot by Jakob Chychrun.
19:03 of 2nd period - Shot Misses the Net.
19:05 of 2nd period - Slapshot by Jakob Chychrun.
19:05 of 2nd period - Stopped by Andrei Vasilevskiy with a rebound.
19:07 of 2nd period - Wrist shot by Luke Kunin.
19:07 of 2nd period - Stopped by Andrei Vasilevskiy without a rebound.
19:08 of 2nd period - Elias Lindholm wins face-off versus Connor McDavid in Quebec Nordiques zone.
19:47 of 2nd period - Slapshot by Nico Hischier.
19:47 of 2nd period - Shot Misses the Net.
19:59 of 2nd period - Backhand shot by Jordan Greenway.
19:59 of 2nd period - Shot Blocked by Alexandre Carrier.
Goals for this period are 2 for Dallas Stars vs 0 for Quebec Nordiques.
Shots for this period are 21 for Dallas Stars vs 5 for Quebec Nordiques.
3rd period
0:01 of 3rd period - Elias Lindholm wins face-off versus Connor McDavid in neutral zone.
0:14 of 3rd period - Wrist shot by Connor McDavid.
0:14 of 3rd period - Shot Misses the Net.
0:16 of 3rd period - Wrist shot by Matthew Knies.
0:16 of 3rd period - Deflect By Dougie Hamilton.
0:16 of 3rd period - Shot Blocked by Dougie Hamilton.
0:16 of 3rd period - Puck is out of play.
0:17 of 3rd period - Nico Hischier wins face-off versus Jordan Martinook in Dallas Stars zone.
0:18 of 3rd period - Snap shot by Nikolaj Ehlers.
0:18 of 3rd period - Shot Blocked by Luke Kunin.
0:20 of 3rd period - Slapshot by Thomas Harley.
0:20 of 3rd period - Shot Misses the Net.
0:22 of 3rd period - Wrist shot by Thomas Harley.
0:22 of 3rd period - Shot Misses the Net.
0:24 of 3rd period - Slapshot by Thomas Harley.
0:24 of 3rd period - Stopped by Ukko-Pekka Luukkonen with a rebound.
0:26 of 3rd period - Slapshot by Jake McCabe.
0:26 of 3rd period - Shot Misses the Net.
0:28 of 3rd period - Wrist shot by Nikolaj Ehlers.
0:28 of 3rd period - Stopped by Ukko-Pekka Luukkonen without a rebound.
0:29 of 3rd period - Elias Lindholm wins face-off versus Connor McDavid in Dallas Stars zone.
0:37 of 3rd period - Off-side.
0:38 of 3rd period - Brendan Gallagher wins face-off versus Matthew Knies in neutral zone.
1:07 of 3rd period - Wrist shot by Connor McDavid.
1:07 of 3rd period - Shot Misses the Net.
1:13 of 3rd period - Snap shot by Brendan Gallagher.
1:13 of 3rd period - Stopped by Andrei Vasilevskiy with a rebound.
1:15 of 3rd period - Wrist shot by Elias Lindholm.
1:15 of 3rd period - Stopped by Andrei Vasilevskiy with a rebound.
1:17 of 3rd period - Slapshot by Trevor van Riemsdyk.
1:17 of 3rd period - Shot Misses the Net.
1:25 of 3rd period - Slapshot by Josh Anderson.
1:25 of 3rd period - Shot Misses the Net.
1:27 of 3rd period - Snap shot by Brendan Gallagher.
1:27 of 3rd period - Stopped by Andrei Vasilevskiy without a rebound.
1:28 of 3rd period - Nikolaj Ehlers wins face-off versus Jonatan Berggren in Quebec Nordiques zone.
1:30 of 3rd period - Icing by Matthew Boldy.
1:31 of 3rd period - Jonatan Berggren wins face-off versus Nico Hischier in Quebec Nordiques zone.
1:50 of 3rd period - Michael Anderson is hit by Jakob Chychrun.
2:02 of 3rd period - Snap shot by Matthew Boldy.
2:02 of 3rd period - Stopped by Ukko-Pekka Luukkonen with a rebound.
2:04 of 3rd period - Slapshot by Michael Anderson.
2:04 of 3rd period - Deflect By Nico Hischier.
2:04 of 3rd period - Shot Blocked by Jonas Siegenthaler.
2:04 of 3rd period - Puck is out of play.
2:05 of 3rd period - Connor McDavid wins face-off versus Filip Chytil in Dallas Stars zone.
2:08 of 3rd period - Snap shot by Matthew Knies.
2:08 of 3rd period - Shot Misses the Net.
2:10 of 3rd period - Snap shot by Alex DeBrincat.
2:10 of 3rd period - Shot Blocked by Filip Chytil.
2:12 of 3rd period - Slapshot by Jake McCabe.
2:12 of 3rd period - Shot Misses the Net.
2:14 of 3rd period - Slapshot by Jake McCabe.
2:14 of 3rd period - Stopped by Ukko-Pekka Luukkonen without a rebound.
2:15 of 3rd period - Filip Chytil wins face-off versus Connor McDavid in Dallas Stars zone.
2:25 of 3rd period - Icing by Connor McDavid.
2:26 of 3rd period - Connor McDavid wins face-off versus Jordan Greenway in Quebec Nordiques zone.
2:26 of 3rd period - Connor McDavid is hit by Dougie Hamilton.
2:32 of 3rd period - Backhand shot by Thomas Harley.
2:32 of 3rd period - Stopped by Ukko-Pekka Luukkonen without a rebound.
2:33 of 3rd period - Nico Hischier wins face-off versus Filip Chytil in Dallas Stars zone.
2:42 of 3rd period - Snap shot by Nikolaj Ehlers.
2:42 of 3rd period - Stopped by Ukko-Pekka Luukkonen without a rebound.
2:43 of 3rd period - Jonatan Berggren wins face-off versus Nico Hischier in Dallas Stars zone.
2:45 of 3rd period - Minor Penalty to Dougie Hamilton for Goalie Interference.
2:46 of 3rd period - Brendan Gallagher wins face-off versus Connor McDavid in Dallas Stars zone.
2:53 of 3rd period - Off-side.
2:54 of 3rd period - Brendan Gallagher wins face-off versus Connor McDavid in neutral zone.
2:59 of 3rd period - Wrist shot by Brendan Gallagher.
2:59 of 3rd period - Shot Misses the Net.
3:02 of 3rd period - Icing by Brock Faber.
3:03 of 3rd period - Connor McDavid wins face-off versus Elias Lindholm in Quebec Nordiques zone.
3:30 of 3rd period - Slapshot by Matthew Knies.
3:30 of 3rd period - Goal by Matthew Knies - Dallas Stars : 3 - Quebec Nordiques : 2.
3:31 of 3rd period - Connor McDavid wins face-off versus Jonatan Berggren in neutral zone.
3:34 of 3rd period - Snap shot by Brock Faber.
3:34 of 3rd period - Stopped by Ukko-Pekka Luukkonen with a rebound.
3:57 of 3rd period - Minor Penalty to Jordan Greenway for Tripping.
3:58 of 3rd period - Connor McDavid wins face-off versus Brendan Gallagher in Dallas Stars zone.
4:08 of 3rd period - Icing by Connor McDavid.
4:09 of 3rd period - Connor McDavid wins face-off versus Brendan Gallagher in Quebec Nordiques zone.
4:20 of 3rd period - Wrist shot by Connor McDavid.
4:20 of 3rd period - Goal by Connor McDavid - Dallas Stars : 3 - Quebec Nordiques : 3.
4:21 of 3rd period - Connor McDavid wins face-off versus Elias Lindholm in neutral zone.
4:36 of 3rd period - Snap shot by Brendan Gallagher.
4:36 of 3rd period - Stopped by Andrei Vasilevskiy without a rebound.
4:37 of 3rd period - Matthew Boldy wins face-off versus Jonatan Berggren in Quebec Nordiques zone.
4:47 of 3rd period - Slapshot by Luke Kunin.
4:47 of 3rd period - Stopped by Andrei Vasilevskiy with a rebound.
4:51 of 3rd period - Backhand shot by Luke Kunin.
4:51 of 3rd period - Shot Misses the Net.
4:53 of 3rd period - Slapshot by Arber Xhekaj.
4:53 of 3rd period - Stopped by Andrei Vasilevskiy without a rebound.
4:54 of 3rd period - Filip Chytil wins face-off versus Connor McDavid in Quebec Nordiques zone.
4:54 of 3rd period - Filip Chytil is hit by Brock Faber.
5:20 of 3rd period - Dougie Hamilton is hit by Nikolaj Ehlers and loses puck.
5:29 of 3rd period - Slapshot by Jakob Chychrun.
5:29 of 3rd period - Shot Blocked by Matthew Boldy.
5:47 of 3rd period - Thomas Harley is hit by Jakob Chychrun and loses puck.
6:04 of 3rd period - Snap shot by Connor McDavid.
6:04 of 3rd period - Stopped by Ukko-Pekka Luukkonen without a rebound.
6:05 of 3rd period - Alex Iafallo wins face-off versus Matthew Knies in Dallas Stars zone.
6:22 of 3rd period - Thomas Harley is hit by Dougie Hamilton and loses puck.
6:58 of 3rd period - Minor Penalty to Jordan Martinook for Holding.
6:59 of 3rd period - Elias Lindholm wins face-off versus Connor McDavid in Dallas Stars zone.
7:10 of 3rd period - Wrist shot by Alex DeBrincat.
7:10 of 3rd period - Shot Blocked by Brendan Gallagher.
7:12 of 3rd period - Wrist shot by Connor McDavid.
7:12 of 3rd period - Shot Blocked by Elias Lindholm.
7:14 of 3rd period - Snap shot by Patrick Kane.
7:14 of 3rd period - Shot Blocked by Jonas Siegenthaler.
7:16 of 3rd period - Wrist shot by Alex DeBrincat.
7:16 of 3rd period - Stopped by Ukko-Pekka Luukkonen without a rebound.
7:17 of 3rd period - Steven Stamkos wins face-off versus Brendan Gallagher in Dallas Stars zone.
7:18 of 3rd period - Snap shot by Rickard Rakell.
7:18 of 3rd period - Goal by Rickard Rakell - Dallas Stars : 3 - Quebec Nordiques : 4.
7:19 of 3rd period - Connor McDavid wins face-off versus Filip Chytil in neutral zone.
7:42 of 3rd period - Minor Penalty to Connor McDavid for Hooking.
7:43 of 3rd period - Elias Lindholm wins face-off versus Jake Evans in Quebec Nordiques zone.
8:45 of 3rd period - Off-side.
8:46 of 3rd period - Matthew Knies wins face-off versus Alex Iafallo in neutral zone.
9:42 of 3rd period - Penalty to Connor McDavid is over, Connor McDavid is back on ice.
9:44 of 3rd period - Off-side.
9:45 of 3rd period - Jack Drury wins face-off versus Connor McDavid in neutral zone.
10:35 of 3rd period - Snap shot by Luke Kunin.
10:35 of 3rd period - Shot Blocked by Nikolaj Ehlers.
10:37 of 3rd period - Snap shot by Cam York.
10:37 of 3rd period - Stopped by Andrei Vasilevskiy with a rebound.
10:49 of 3rd period - Snap shot by Dylan Larkin.
10:49 of 3rd period - Stopped by Ukko-Pekka Luukkonen with a rebound.
10:51 of 3rd period - Slapshot by Brock Faber.
10:51 of 3rd period - Deflect By Noah Cates.
10:51 of 3rd period - Stopped by Ukko-Pekka Luukkonen with a rebound.
12:05 of 3rd period - Wrist shot by Connor McDavid.
12:05 of 3rd period - Stopped by Ukko-Pekka Luukkonen with a rebound.
12:33 of 3rd period - Wrist shot by Steven Stamkos.
12:33 of 3rd period - Stopped by Ukko-Pekka Luukkonen without a rebound.
12:34 of 3rd period - Nico Hischier wins face-off versus Jordan Martinook in Dallas Stars zone.
12:49 of 3rd period - Slapshot by Jakob Chychrun.
12:49 of 3rd period - Stopped by Andrei Vasilevskiy with a rebound.
13:18 of 3rd period - Snap shot by Filip Chytil.
13:18 of 3rd period - Stopped by Andrei Vasilevskiy without a rebound.
13:19 of 3rd period - Dylan Larkin wins face-off versus Alex Iafallo in Quebec Nordiques zone.
13:49 of 3rd period - Backhand shot by Dougie Hamilton.
13:49 of 3rd period - Stopped by Andrei Vasilevskiy with a rebound.
15:11 of 3rd period - Jonatan Berggren is hit by Jake McCabe and loses puck.
15:58 of 3rd period - Wrist shot by Philip Tomasino.
15:58 of 3rd period - Shot Hit the Post.
16:00 of 3rd period - Snap shot by Jack Drury.
16:00 of 3rd period - Stopped by Andrei Vasilevskiy without a rebound.
16:01 of 3rd period - Filip Chytil wins face-off versus Steven Stamkos in Quebec Nordiques zone.
16:14 of 3rd period - Backhand shot by Dougie Hamilton.
16:14 of 3rd period - Shot Blocked by Rickard Rakell.
16:16 of 3rd period - Slapshot by Dougie Hamilton.
16:16 of 3rd period - Shot Misses the Net.
16:33 of 3rd period - Snap shot by Philip Tomasino.
16:33 of 3rd period - Shot Blocked by Jake McCabe.
16:35 of 3rd period - Slapshot by Arber Xhekaj.
16:35 of 3rd period - Shot Misses the Net.
16:46 of 3rd period - Off-side.
16:47 of 3rd period - Elias Lindholm wins face-off versus Connor McDavid in neutral zone.
17:35 of 3rd period - Slapshot by Jack Drury.
17:35 of 3rd period - Shot Misses the Net.
17:42 of 3rd period - Icing by Alexandre Carrier.
17:43 of 3rd period - Dylan Larkin wins face-off versus Joel Kiviranta in Quebec Nordiques zone.
18:34 of 3rd period - Slapshot by Jake Evans.
18:34 of 3rd period - Shot Misses the Net.
18:36 of 3rd period - Snap shot by Alexandre Carrier.
18:36 of 3rd period - Shot Blocked by Dougie Hamilton.
19:06 of 3rd period - Snap shot by Jake Evans.
19:06 of 3rd period - Stopped by Ukko-Pekka Luukkonen with a rebound.
19:22 of 3rd period - Dougie Hamilton is hit by Dylan Larkin and loses puck.
19:35 of 3rd period - Snap shot by Jake Evans.
19:35 of 3rd period - Stopped by Ukko-Pekka Luukkonen with a rebound.
19:37 of 3rd period - Slapshot by Alexandre Carrier.
19:37 of 3rd period - Shot Blocked by Elias Lindholm.
19:39 of 3rd period - Wrist shot by Alexandre Carrier.
19:39 of 3rd period - Shot Blocked by Trevor van Riemsdyk.
19:41 of 3rd period - Slapshot by Alexandre Carrier.
19:41 of 3rd period - Stopped by Ukko-Pekka Luukkonen with a rebound.
19:43 of 3rd period - Slapshot by Alexandre Carrier.
19:43 of 3rd period - Shot Blocked by Dougie Hamilton.
19:45 of 3rd period - Wrist shot by Noah Cates.
19:45 of 3rd period - Stopped by Ukko-Pekka Luukkonen with a rebound.
19:47 of 3rd period - Slapshot by Michael Anderson.
19:47 of 3rd period - Shot Hit the Post.
19:49 of 3rd period - Wrist shot by Jake Evans.
19:49 of 3rd period - Deflect By Noah Cates.
19:49 of 3rd period - Stopped by Ukko-Pekka Luukkonen without a rebound.
19:50 of 3rd period - Claude Julien call a timeout for Dallas Stars.
19:50 of 3rd period - Nico Hischier wins face-off versus Alex Iafallo in Dallas Stars zone.
19:51 of 3rd period - Slapshot by Nikolaj Ehlers.
19:51 of 3rd period - Stopped by Ukko-Pekka Luukkonen with a rebound.
19:59 of 3rd period - Dallas Stars, Ukko-Pekka Luukkonen is pulled from the net.
Goals for this period are 0 for Dallas Stars vs 3 for Quebec Nordiques.
Shots for this period are 11 for Dallas Stars vs 22 for Quebec Nordiques.
Back to the Top